 Dungeon Crawl Stone Soup version 0.22-a0-322-g60b3cfd (webtiles) character file.

41488 xccam the Fighter (level 14, -13/119 HPs)
             Began as a Gnoll Wanderer on Apr 4, 2018.
             Was the Champion of Cheibriados.
             Mangled by a tyrant leech (30 damage)
             ... on level 6 of the Lair of Beasts.
             The game lasted 00:35:09 (15835 turns).

xccam the Fighter (Gnoll Wanderer)                 Turns: 15835, Time: 00:35:10

Health: -13/119    AC: 19    Str: 36    XL:     14   Next: 15%
Magic:  22/27      EV: 15    Int: 38    God:    Cheibriados [******]
Gold:   1226       SH: 15    Dex: 28    Spells: 29/31 levels left

rFire    + . .     SeeInvis +   C - +10 rapier "Hydrabane" {drain, rPois SInv Stlth+}
rCold    . . .     Gourm    .   n - +0 shield {rPois}
rNeg     . . .     Faith    .   N - +0 plate armour
rPois    +         Spirit   .   S - +2 hat
rElec    +         Reflect  .   E - +1 cloak
rCorr    .         Harm     .   M - +0 pair of gloves
MR       +....                  (no boots)
Stlth    ++........             Q - amulet of regeneration
HPRegen  0.69/turn              y - ring of Osobets {rElec rPois Str+2 Int+2}
MPRegen  0.20/turn              P - ring of protection from fire

@: slowed, very slow
A: distributed training, fangs 1, clever 2, poison resistance, robust 1,
evolution 1, MP-powered wands, strong nose
a: Bend Time, Temporal Distortion, Slouch, Step From Time, Renounce Religion


You were on level 6 of the Lair of Beasts.
You worshipped Cheibriados.
Cheibriados was exalted by your worship.
You were not hungry.

You visited 3 branches of the dungeon, and saw 19 of its levels.
You also visited: Sewer and Ossuary.

You collected 1226 gold pieces.

Inventory:

Hand Weapons
 o - the +7 halberd "Zaicut" {chop, +Inv}
   (You found it on level 5 of the Dungeon)

   It inflicts extra damage upon your enemies.
   It lets you turn invisible.
 C - the +10 rapier "Hydrabane" (weapon) {drain, rPois SInv Stlth+}
   (You took it off a crimson imp on level 5 of the Dungeon)

   A truly terrible weapon, it drains the life of those it strikes.
   It protects you from poison.
   It lets you see invisible.
   It makes you more stealthy.
Missiles
 i - 6 tomahawks of returning (quivered)
 O - 7 javelins of returning
Armour
 n - a +0 shield of poison resistance (worn)
 E - a +1 cloak (worn)
 M - a +0 pair of gloves (worn)
 N - a +0 plate armour (worn)
 S - a +2 hat (worn)
Jewellery
 y - the ring of Osobets (left hand) {rElec rPois Str+2 Int+2}
   (You found it on level 9 of the Dungeon)

   [ring of intelligence]

   It affects your strength (+2).
   It affects your intelligence (+2).
   It insulates you from electricity.
   It protects you from poison.
 H - an uncursed ring of magical power
 P - a ring of protection from fire (right hand)
 Q - an amulet of regeneration (around neck)
 X - an uncursed ring of see invisible
 Y - an uncursed ring of protection from magic
Wands
 b - a wand of acid (5)
 p - a wand of flame (33)
 v - a wand of digging (9)
 z - a wand of disintegration (22)
 D - a wand of paralysis (39)
 F - a wand of iceblast (6)
 W - a wand of scattershot (6)
Scrolls
 c - 15 scrolls of remove curse
 d - 4 scrolls of enchant weapon
 e - 2 scrolls of blinking
 h - 6 scrolls of teleportation
 k - a scroll of magic mapping
 l - 2 scrolls of amnesia
 m - 2 scrolls of fog
 s - 6 scrolls of fear
 L - a scroll of summoning
Potions
 a - 15 potions of curing
 j - 4 potions of flight
 q - 5 potions of mutation
 u - 3 potions of brilliance
 w - 4 potions of agility
 x - 3 potions of might
 A - a potion of cancellation
 J - 2 potions of invisibility
 K - 2 potions of magic
 V - 2 potions of lignification
Miscellaneous
 r - a lightning rod (4/4)
 U - a phantom mirror
Comestibles
 f - 32 rations


   Skills:
 + Level 9.9 Fighting
 + Level 8.8 Short Blades
 + Level 9.2 Long Blades
 + Level 8.8 Axes
 + Level 8.8 Maces & Flails
 + Level 8.8 Polearms
 + Level 8.8 Staves
 + Level 8.8 Slings
 + Level 8.8 Bows
 + Level 8.8 Crossbows
 + Level 8.8 Throwing
 + Level 8.8 Armour
 + Level 8.8 Dodging
 + Level 9.2 Stealth
 + Level 9.2 Shields
 + Level 8.8 Unarmed Combat
 + Level 9.3 Spellcasting
 + Level 7.3 Conjurations
 + Level 7.3 Hexes
 + Level 9.2 Charms
 + Level 7.3 Summonings
 + Level 7.3 Necromancy
 + Level 7.3 Translocations
 + Level 7.3 Transmutations
 + Level 7.7 Fire Magic
 + Level 7.3 Ice Magic
 + Level 7.3 Air Magic
 + Level 7.3 Earth Magic
 + Level 7.3 Poison Magic
 + Level 9.6 Invocations
 + Level 8.8 Evocations


You had 29 spell levels left.
You knew the following spells:

 Your Spells              Type           Power        Failure   Level  Hunger
a - Blink                 Tloc           N/A          1%          2    None


Dungeon Overview and Level Annotations

Branches:
Dungeon (12/15)            Temple (1/1) D:7            Lair (6/6) D:8
  Swamp (0/4) Lair:2       Spider (0/4) Lair:2          Orc (0/2) D:12
  Slime: Lair:5-6

Altars:
Ashenzari
Cheibriados
Dithmenos
Fedhas
Gozag
Hepliaklqana
Kikubaaqudgha
Makhleb
Nemelex Xobeh
Okawaru
Qazlal
Ru
Sif Muna
Trog
Uskayaw
Vehumet
Wu Jian
Xom
Yredelemnul
Zin
The Shining One

Shops:
D:5 (


Innate Abilities, Weirdness & Mutations

Your experience applies equally to all skills.
You have very sharp teeth.
Your uncanny sense of smell can sniff out nearby items.
Your mind is very acute. (Int +4)
Your system is resistant to poisons. (rPois)
You are robust. (+10% HP)
You evolve.
You expend magic power (3 MP) to strengthen your wands.


Message History

You block the tyrant leech's attack.
A swamp worm comes into view.
You are too injured to fight recklessly!
Unknown command.
You are too injured to fight recklessly!
Unknown command.
You are too injured to fight recklessly!
Unknown command.
You can feel time thicken for a moment.
You feel somewhat more hungry. You block the swamp worm's attack.
You block the tyrant leech's attack.
The swamp worm moves out of view.
The tyrant leech misses you. The swamp worm bites you!
The moth of wrath goads the swamp worm on!
The swamp worm goes berserk!
The swamp worm bites you. You block the tyrant leech's attack.
The tyrant leech bites you!!
* * * LOW HITPOINT WARNING * * *
The tyrant leech draws strength from your injuries!
The moth of wrath goads the tyrant leech on!
The tyrant leech goes berserk!
The tyrant leech bites you!!
You die...

...............
................
.................
.................
.................
........y....≈≈≈≈
.......†w..≈≈≈≈≈
.......@www≈≈# ##
......www.w≈w#≈≈y
........w.≈≈P≈≈≈w
$.###.....≈≈P#w≈w
# #.#...<≈≈≈#
###.....≈≈≈≈≈≈
...........≈≈≈≈
..........≈#...
..#....?..P#...


You could see 5 tyrant leeches, a torpor snail, a moth of wrath and 5 swamp
worms.

Vanquished Creatures
  Rupert (Lair:3)
  Gastronok (D:9)
  5 hydras
  Erolcha (D:12)
  2 two-headed ogres
  Nergalle (Lair:3)
  A cyclops (D:12)
  2 black mambas
  5 elephants (Lair:5)
  The ghost of xccam the Fighter, a novice GnWn (D:4)
  6 spiny frogs
  4 gargoyles
  A rime drake (Lair:3)
  7 komodo dragons
  3 trolls
  4 tyrant leeches
  2 hornets
  9 hippogriffs
  4 blink frogs (Lair:2)
  A vampire (D:12)
  2 wraiths
  6 wyverns
  37 yaks
  3 basilisks
  Eustachio (D:5)
  A human (D:10)
  2 hogs (D:10)
  Edmund (D:6)
  3 swamp worms (Lair:2)
  8 water moccasins
  4 orc warriors
  15 porcupines
  7 ice beasts
  2 phantoms
  A sky beast (D:8)
  4 black bears
  An eye of draining (D:9)
  15 wolves
  5 ogres
  13 centaurs
  8 crocodiles
  2 big kobolds (D:10)
  13 bullfrogs
  5 scorpions
  11 wights
  11 killer bees
  An electric eel (D:6)
  4 howler monkeys
  2 crimson imps (D:5)
  2 bullfrog zombies
  A centaur zombie (D:12)
  A quasit (D:8)
  A bullfrog skeleton (D:4)
  6 orc priests
  Crazy Yiuf (D:5)
  6 hounds
  2 jellies
  2 centaur skeletons
  5 iguanas
  Terence (D:2)
  10 orc wizards
  7 worker ants
  A hound zombie (D:5)
  A hound skeleton (D:7)
  8 mummies (Ossuary)
  A howler monkey zombie (D:10)
  11 adders
  4 river rats (Sewer)
  3 shadow imps
  5 oozes
  An adder skeleton (D:7)
  10 worms
  2 dart slugs
  3 leopard geckos
  50 orcs
  6 ball pythons
  7 giant cockroaches
  2 gnoll zombies (Ossuary)
  12 goblins
  4 hobgoblins
  15 jackals
  5 quokkas
  4 bats
  3 frilled lizards
  A hobgoblin zombie (Ossuary)
  31 kobolds
  3 kobold zombies (Ossuary)
  A leopard gecko skeleton (D:7)
  2 orc zombies (Ossuary)
  29 rats
  A butterfly (Lair:3)
  A plant (Lair:4)
521 creatures vanquished.

Vanquished Creatures (collateral kills)
  A bullfrog (Lair:5)
1 creature vanquished.

Vanquished Creatures (others)
  4 bushes (D:9)
  3 fungi
  4 plants
11 creatures vanquished.

Grand Total: 533 creatures vanquished

Notes
Turn   | Place    | Note
-------+----------+-------------------------------------------
     0 | D:1      | xccam the Gnoll Wanderer began the quest for the Orb.
     0 | D:1      | xccam set off with: a +0 shield, a +0 falchion, a +0 robe, a ration
     0 | D:1      | Reached XP level 1. HP: 20/20 MP: 4/4
   135 | D:1      | Reached XP level 2. HP: 21/26 MP: 5/5
   287 | D:1      | Reached XP level 3. HP: 31/31 MP: 7/7
   762 | D:2      | Reached skill level 1 in Invocations
   785 | D:2      | Reached skill level 1 in Short Blades
   785 | D:2      | Reached skill level 1 in Axes
   785 | D:2      | Reached skill level 1 in Maces & Flails
   785 | D:2      | Reached skill level 1 in Polearms
   785 | D:2      | Reached skill level 1 in Staves
   785 | D:2      | Reached skill level 1 in Slings
   785 | D:2      | Reached skill level 1 in Bows
   785 | D:2      | Reached skill level 1 in Crossbows
   785 | D:2      | Reached skill level 1 in Throwing
   785 | D:2      | Reached skill level 1 in Armour
   785 | D:2      | Reached skill level 1 in Dodging
   785 | D:2      | Reached skill level 1 in Unarmed Combat
   785 | D:2      | Reached skill level 1 in Evocations
   785 | D:2      | Reached XP level 4. HP: 11/38 MP: 8/8
  1058 | D:2      | Noticed Terence
  1079 | D:2      | Killed Terence
  1079 | D:2      | Reached skill level 1 in Conjurations
  1079 | D:2      | Reached skill level 1 in Hexes
  1079 | D:2      | Reached skill level 1 in Summonings
  1079 | D:2      | Reached skill level 1 in Necromancy
  1079 | D:2      | Reached skill level 1 in Translocations
  1079 | D:2      | Reached skill level 1 in Transmutations
  1079 | D:2      | Reached skill level 1 in Ice Magic
  1079 | D:2      | Reached skill level 1 in Air Magic
  1079 | D:2      | Reached skill level 1 in Earth Magic
  1079 | D:2      | Reached skill level 1 in Poison Magic
  1164 | D:2      | Reached XP level 5. HP: 42/43 MP: 9/9
  1454 | D:2      | Found a hazy altar of Hepliaklqana.
  1560 | D:3      | Found a blossoming altar of Fedhas.
  1691 | D:3      | Gained mutation: Your mind is acute. (Int +2) [potion of mutation]
  1691 | D:3      | Gained mutation: You evolve. [potion of mutation]
  1691 | D:3      | Gained mutation: You expend magic power (3 MP) to strengthen your wands. [potion of mutation]
  1691 | D:3      | Gained mutation: Your mind is very acute. (Int +4) [potion of mutation]
  1958 | D:3      | Found a glowing drain.
  1962 | Sewer    | Entered a sewer
  2566 | Sewer    | Reached XP level 6. HP: 27/50 MP: 10/10
  3476 | D:4      | Found an iron altar of Okawaru.
  3565 | D:4      | Reached skill level 5 in Fighting
  3729 | D:4      | Noticed xccam's ghost (novice GnWn)
  3765 | D:4      | Gained mutation: You are robust. (+10% HP) [evolution]
  3776 | D:4      | HP: 2/56 [xccam's ghost (14)]
  3897 | D:4      | Found a sacrificial altar of Ru.
  4034 | D:4      | Found a sparkling altar of Nemelex Xobeh.
  4320 | D:5      | Entered Level 5 of the Dungeon
  4402 | D:5      | Reached XP level 7. HP: 56/61 MP: 12/12
  4545 | D:5      | Got a bloodstained halberd
  4551 | D:5      | Identified the +7 halberd "Zaicut" {chop, +Inv} (You found it on level 5 of the Dungeon)
  4586 | D:5      | Got a shimmering rapier {drain}
  4587 | D:5      | Identified the +10 rapier "Hydrabane" {drain, rPois SInv Stlth+} (You took it off a crimson imp on level 5 of the Dungeon)
  4720 | D:5      | Noticed Eustachio
  4744 | D:5      | Found a shimmering altar of Xom.
  4748 | D:5      | Killed Eustachio
  4752 | D:5      | Paralysed by a centaur for 6 turns
  4761 | D:5      | Reached XP level 8. HP: 19/69 MP: 14/14
  5071 | D:5      | Found a runed door.
  5097 | D:5      | Noticed Crazy Yiuf
  5102 | D:5      | Killed Crazy Yiuf
  5216 | D:5      | Found Colot's Weapon Shop.
  5384 | D:5      | Found a sparkling altar of Nemelex Xobeh.
  5759 | D:4      | Killed xccam's ghost
  6014 | D:6      | Reached XP level 9. HP: 72/75 MP: 16/16
  6123 | D:6      | Noticed Edmund
  6134 | D:6      | Killed Edmund
  6158 | D:6      | Found an opulent altar of Gozag.
  6159 | D:6      | Found a glowing golden altar of the Shining One.
  6161 | D:6      | Found a radiant altar of Vehumet.
  6164 | D:6      | Found a burning altar of Makhleb.
  6261 | D:6      | Got a slimy quarterstaff
  6269 | D:6      | Identified the cursed +1 quarterstaff of Certain Death {crush, Dex+3} (You found it on level 6 of the Dungeon)
  6470 | D:6      | Found a shadowy altar of Dithmenos.
  6604 | D:7      | Reached skill level 5 in Spellcasting
  6652 | D:7      | Found a staircase to the Ecumenical Temple.
  6667 | Temple   | Entered the Ecumenical Temple
  6687 | Temple   | Became a worshipper of Cheibriados the Contemplative
  6742 | D:7      | Reached skill level 5 in Long Blades
  6742 | D:7      | Reached skill level 5 in Shields
  6754 | D:7      | Reached skill level 5 in Stealth
  6882 | D:7      | Found a shattered altar of Ashenzari.
  7064 | D:8      | Reached * piety under Cheibriados
  7064 | D:8      | Reached skill level 5 in Invocations
  7204 | D:8      | Found a sand-covered staircase.
  7209 | Ossuary  | Entered an ossuary
  7605 | D:8      | Reached XP level 10. HP: 84/84 MP: 18/18
  7785 | D:8      | Found a staircase to the Lair.
  8171 | D:8      | Found an ancient bone altar of Kikubaaqudgha.
  8301 | D:9      | Got a warped marble ring
  8302 | D:9      | Identified the ring of Osobets {rElec rPois Str+2 Int+2} (You found it on level 9 of the Dungeon)
  8334 | D:9      | Reached skill level 5 in Short Blades
  8334 | D:9      | Reached skill level 5 in Axes
  8334 | D:9      | Reached skill level 5 in Maces & Flails
  8334 | D:9      | Reached skill level 5 in Polearms
  8334 | D:9      | Reached skill level 5 in Staves
  8334 | D:9      | Reached skill level 5 in Slings
  8334 | D:9      | Reached skill level 5 in Bows
  8334 | D:9      | Reached skill level 5 in Crossbows
  8334 | D:9      | Reached skill level 5 in Throwing
  8334 | D:9      | Reached skill level 5 in Armour
  8334 | D:9      | Reached skill level 5 in Dodging
  8334 | D:9      | Reached skill level 5 in Unarmed Combat
  8334 | D:9      | Reached skill level 5 in Evocations
  8348 | D:9      | Reached ** piety under Cheibriados
  8415 | D:9      | Noticed a gargoyle
  8433 | D:9      | Killed a gargoyle
  8952 | D:9      | Reached skill level 5 in Fire Magic
  8960 | D:9      | Reached *** piety under Cheibriados
  8971 | D:9      | Found a bloodstained altar of Trog.
  9136 | D:9      | Noticed a two-headed ogre
  9140 | D:9      | Killed a two-headed ogre
  9140 | D:9      | Reached XP level 11. HP: 72/92 MP: 13/20
  9218 | D:9      | Noticed Gastronok
  9244 | D:9      | Killed Gastronok
  9244 | D:9      | Reached skill level 5 in Conjurations
  9244 | D:9      | Reached skill level 5 in Hexes
  9244 | D:9      | Reached skill level 5 in Summonings
  9244 | D:9      | Reached skill level 5 in Necromancy
  9244 | D:9      | Reached skill level 5 in Translocations
  9244 | D:9      | Reached skill level 5 in Transmutations
  9244 | D:9      | Reached skill level 5 in Ice Magic
  9244 | D:9      | Reached skill level 5 in Air Magic
  9244 | D:9      | Reached skill level 5 in Earth Magic
  9244 | D:9      | Reached skill level 5 in Poison Magic
  9407 | D:10     | Entered Level 10 of the Dungeon
  9439 | D:10     | Reached **** piety under Cheibriados
  9636 | D:10     | Noticed a two-headed ogre
  9642 | D:10     | Killed a two-headed ogre
 10251 | D:11     | Noticed a five-headed hydra
 10258 | D:11     | Killed a five-headed hydra
 10279 | D:11     | Reached ***** piety under Cheibriados
 10339 | D:11     | Learned a level 2 spell: Blink
 10379 | D:11     | Reached XP level 12. HP: 65/102 MP: 11/23
 11227 | D:12     | Found a staircase to the Orcish Mines.
 11282 | D:12     | Noticed Erolcha
 11291 | D:12     | Killed Erolcha
 11323 | D:12     | Noticed an eight-headed hydra
 11333 | D:12     | Killed an eight-headed hydra
 11407 | D:12     | Reached ****** piety under Cheibriados
 11665 | Lair:1   | Entered Level 1 of the Lair of Beasts
 12124 | Lair:1   | Gained mutation: Your system is resistant to poisons. (rPois) [evolution]
 12520 | Lair:1   | Reached XP level 13. HP: 103/111 MP: 25/25
 13079 | Lair:2   | Found a hole to the Spider Nest.
 13284 | Lair:2   | Found a staircase to the Swamp.
 13873 | Lair:3   | Noticed Nergalle
 13890 | Lair:3   | Killed Nergalle
 14030 | Lair:3   | Noticed Rupert
 14032 | Lair:3   | Paralysed by Rupert for 7 turns
 14059 | Lair:3   | Killed Rupert
 14804 | Lair:4   | Reached XP level 14. HP: 105/119 MP: 27/27
 15810 | Lair:6   | Entered Level 6 of the Lair of Beasts
 15835 | Lair:6   | Mangled by a tyrant leech

Vault maps used:
D:1:      scummos_arrival_star, minmay_misc_feat_square
D:2:      lemuel_coloured_pillars_altar, uniq_terence
D:3:      wad_pebble_path, fedhas_altar_1, first_ration, gup_sewer_entry_bowl,
          grunt_decor_mini_mirrors
D:4:      nicolae_ru_awakened_eye, okawaru_trees_2, grunt_ministairs_14,
          nemelex_diamond_rough_becter
D:5:      serial_shops, kennysheep_mini_moat, basic_altar, dk_vineyard_3,
          nemelex_spade_bored_becter, uniq_crazy_yiuf_cottage, uniq_eustachio
D:6:      nicolae_overflow_hidden_temple, minitemple, minivault_4, uniq_edmund
D:7:      evilmike_ruin_ashenzari, temple_fountains
D:8:      kiku_gazebo_garden_becter, lair_entry_dummy, enter_ossuary_5
D:9:      trog_ov_bears_minmay, kennysheep_donut, uniq_gastronok
D:10:     grunt_livestock
D:11:     lemuel_ice_spiral_2
D:12:     orc_0_dummy, hangedman_decor_diamond_cutter, uniq_erolcha
Temple:   eino_temple_lava
Lair:1:   serial_bayou_shore_b
Lair:2:   minmay_swamp_entry_worms, nicolae_spider_entry_non_spiders,
          grunt_forest_small_clearing_treed
Lair:3:   infiniplex_staircase_pool_2, grunt_megastairs_2, lemuel_fruit_fields,
          uniq_nergalle, uniq_rupert
Lair:4:   st_stairs_13, serial_bayou_shore_b
Lair:6:   gammafunk_lair_ancient_temple, slime_altar_1, worms_lemuel
Sewer:    sewer_minmay_treatment
Ossuary:  ossuary_tomb_3

Skill      XL: |  1  2  3  4  5  6  7  8  9 10 11 12 13 |
---------------+----------------------------------------+-----
Fire Magic     | 2 3 4 5 6 7 |  7.7
Invocations    | 1 2 3 4 5 6 7 8 9 |  9.6
Short Blades   | 1 2 3 4 5 6 7 8 |  8.8
Axes           | 1 2 3 4 5 6 7 8 |  8.8
Maces & Flails | 1 2 3 4 5 6 7 8 |  8.8
Polearms       | 1 2 3 4 5 6 7 8 |  8.8
Staves         | 1 2 3 4 5 6 7 8 |  8.8
Slings         | 1 2 3 4 5 6 7 8 |  8.8
Bows           | 1 2 3 4 5 6 7 8 |  8.8
Crossbows      | 1 2 3 4 5 6 7 8 |  8.8
Throwing       | 1 2 3 4 5 6 7 8 |  8.8
Armour         | 1 2 3 4 5 6 7 8 |  8.8
Dodging        | 1 2 3 4 5 6 7 8 |  8.8
Unarmed Combat | 1 2 3 4 5 6 7 8 |  8.8
Spellcasting   | 3 4 5 6 7 8 9 |  9.3
Evocations     | 1 2 3 4 5 6 7 8 |  8.8
Conjurations   | 1 2 3 4 5 6 7 |  7.3
Hexes          | 1 2 3 4 5 6 7 |  7.3
Summonings     | 1 2 3 4 5 6 7 |  7.3
Necromancy     | 1 2 3 4 5 6 7 |  7.3
Translocations | 1 2 3 4 5 6 7 |  7.3
Transmutations | 1 2 3 4 5 6 7 |  7.3
Ice Magic      | 1 2 3 4 5 6 7 |  7.3
Air Magic      | 1 2 3 4 5 6 7 |  7.3
Earth Magic    | 1 2 3 4 5 6 7 |  7.3
Poison Magic   | 1 2 3 4 5 6 7 |  7.3
Long Blades    | 3 4 5 6 7 8 9 |  9.2
Shields        | 3 4 5 6 7 8 9 |  9.2
Stealth        | 3 4 5 6 7 8 9 |  9.2
Fighting       | 5 6 7 8 9 |  9.9
Charms         | 6 7 8 9 |  9.2

Action                   |  1- 3 |  4- 6 |  7- 9 | 10-12 | 13-15 || total
-------------------------+-------+-------+-------+-------+-------++-------
Melee: Falchion          |    91 |   449 |    14 |       |       ||   554
       Bite              |     4 |    34 |    20 |   121 |   106 ||   285
       Rapier            |       |       |   223 |   596 |   430 ||  1249
       Halberd           |       |       |    15 |       |       ||    15
Throw: Tomahawk          |       |       |     3 |       |       ||     3
Invok: Slouch            |       |       |       |       |     1 ||     1
Evoke: Wand              |       |       |       |     4 |     2 ||     6
  Use: Potion            |       |    13 |     3 |       |     1 ||    17
       Scroll            |       |     7 |     5 |     7 |     8 ||    27
 Stab: Sleeping          |     2 |     2 |    19 |       |     1 ||    24
       Paralysed         |       |       |       |     3 |       ||     3
       Distracted        |       |       |       |       |     1 ||     1
  Eat: Chunk             |       |    10 |     9 |     9 |     5 ||    33
       Ration            |       |     1 |       |       |     1 ||     2
Armor: Ring mail         |    34 |   135 |    68 |       |       ||   237
       Skin              |       |    44 |       |       |       ||    44
       Chain mail        |       |       |     1 |     5 |       ||     6
       Plate armour      |       |       |       |   202 |   196 ||   398
Dodge: Dodged            |    30 |   195 |    95 |   221 |   229 ||   770
Block: Shield            |    41 |   253 |   106 |   386 |   375 ||  1161
       Rpst.: Falchion   |     6 |    76 |     3 |       |       ||    85

Table legend:
 A = Spawn XP
 B = Non-spawn XP
 C = Spawn XP percentage of total XP
 D = Spawn monster count
 E = Non-spawn monster count
 F = Spawn count percentage of total count
 G = Total turns spent on level
                    A         B        C        D         E        F      G
               +---------+---------+-------+---------+---------+-------+---------
         Total |       0 |   59269 |   0.0 |       0 |     520 |   0.0 | 15835
               +---------+---------+-------+---------+---------+-------+---------
           D:1 |       0 |      47 |   0.0 |       0 |      20 |   0.0 |   868
           D:2 |       0 |     143 |   0.0 |       0 |      25 |   0.0 |   636
           D:3 |       0 |      70 |   0.0 |       0 |      20 |   0.0 |   905
           D:4 |       0 |     711 |   0.0 |       0 |      16 |   0.0 |  1163
           D:5 |       0 |    1238 |   0.0 |       0 |      25 |   0.0 |  1371
           D:6 |       0 |     499 |   0.0 |       0 |      19 |   0.0 |   679
           D:7 |       0 |    1127 |   0.0 |       0 |      18 |   0.0 |   416
           D:8 |       0 |     794 |   0.0 |       0 |      21 |   0.0 |  1048
           D:9 |       0 |    7133 |   0.0 |       0 |      58 |   0.0 |  1219
          D:10 |       0 |    3957 |   0.0 |       0 |      30 |   0.0 |   821
          D:11 |       0 |    3878 |   0.0 |       0 |      27 |   0.0 |   573
          D:12 |       0 |    7226 |   0.0 |       0 |      46 |   0.0 |   793
        Lair:1 |       0 |    4965 |   0.0 |       0 |      22 |   0.0 |  1146
        Lair:2 |       0 |    9547 |   0.0 |       0 |      48 |   0.0 |   862
        Lair:3 |       0 |   10156 |   0.0 |       0 |      30 |   0.0 |   796
        Lair:4 |       0 |    3759 |   0.0 |       0 |      19 |   0.0 |   680
        Lair:5 |       0 |    2987 |   0.0 |       0 |       9 |   0.0 |   661
        Lair:6 |       0 |     760 |   0.0 |       0 |       3 |   0.0 |    25
         Sewer |       0 |     118 |   0.0 |       0 |      48 |   0.0 |   968
       Ossuary |       0 |     154 |   0.0 |       0 |      16 |   0.0 |   175
               +---------+---------+-------+---------+---------+-------+---------
